 Dungeon Crawl Stone Soup version 0.31-a0-844-gdc52ec4e09 (webtiles) character file.

Game seed: 5484051322093720449

541 Ijustatesigmund the Magician (level 7, -3/40 HPs)
             Began as a Deep Elf Fire Elementalist on Sept 28, 2023.
             Slain by a yak (15 damage)
             ... on level 5 of the Dungeon.
             The game lasted 00:06:19 (3980 turns).

Ijustatesigmund the Magician (DEFE)                 Turns: 3980, Time: 00:06:21

Health: -3/40      AC:  4    Str:  4    XL:     7   Next: 5%
Magic:  6/17       EV: 13    Int: 21    God:
Gold:   178        SH:  9    Dex: 19    Spells: 9/16 levels left

rFire   . . .        h - +0 orcbow
rCold   . . .        (shield currently unavailable)
rNeg    . . .        a - +0 robe
rPois   .            (no helmet)
rElec   .            (no cloak)
rCorr   .            n - +0 pair of gloves
SInv    .            t - +0 pair of boots
Will    .....        i - amulet of reflection
Stlth   ++           (no ring)
HPRegen 0.26/turn    (no ring)
MPRegen 0.15/turn

%: random rage (3%), reflection
@: no status effects
A: large bone plates 1, agile 1, berserk 1
a: no special abilities


You were on level 5 of the Dungeon.
You visited 1 branch of the dungeon, and saw 5 of its levels.

You collected 178 gold pieces.

Inventory:

Hand Weapons
 h - a +0 orcbow (weapon)
 o - a +1 short sword of venom
Armour
 a - a +0 robe (worn)
 m - the +0 pair of gloves of Tuf Veoz {Rampage Fly rC- Int+3}
   (You found it on level 2 of the Dungeon)

   Int+3:     It affects your intelligence (+3).
   rC-:       It makes you vulnerable to cold.
   Fly:       It grants you flight.
   Rampage:   It bestows one free step when moving towards enemies.
 n - a +0 pair of gloves (worn)
 t - a +0 pair of boots (worn)
Jewellery
 i - an amulet of reflection (around neck)
Wands
 f - a wand of acid (11)
 s - a wand of roots (12)
Scrolls
 c - 2 scrolls of teleportation {unknown}
 d - a scroll of revelation {unknown}
 e - 4 scrolls of identify {unknown}
 j - 2 scrolls of vulnerability {unknown}
 k - a scroll of summoning {unknown}
 l - a scroll of poison {unknown}
 p - a scroll of enchant weapon {unknown}
 q - 2 scrolls of immolation {unknown}
 r - a scroll of fear {unknown}
Potions
 b - a potion of magic
 g - a potion of attraction


   Skills:
 + Level 2.5 Fighting
 + Level 3.1 Ranged Weapons
 - Level 2.4 Dodging
 - Level 2.4 Stealth
 + Level 5.4 Spellcasting
 + Level 3.8 Conjurations
 + Level 5.0 Fire Magic


You had 9 spell levels left.
You knew the following spells:

 Your Spells              Type           Power      Damage    Failure   Level
a - Foxfire               Conj/Fire      96%        2x1d8     1%          1
b - Scorch                Fire           54%        2d7       1%          2
c - Flame Wave            Conj/Fire      24%        2d8       17%         4

Your spell library contained the following spells:

 Spells                   Type           Power      Damage    Failure   Level
 Inner Flame              Hex/Fire       16%        N/A       11%         3
 Volatile Blastmotes      Fire/Tloc      32%        2d12      11%         3
 Ensorcelled Hibernation  Hex/Ice        10%        N/A       16%         2
 Jinxbite                 Hex            10%        N/A       16%         2
 Lesser Beckoning         Tloc           10%        N/A       16%         2
 Gell's Gravitas          Tloc           5%         N/A       30%         3
 Teleport Other           Tloc           5%         N/A       30%         3
 Anguish                  Hex/Necr       2%         N/A       71%         4


Dungeon Overview and Level Annotations

Branches:
Dungeon (5/15)
 Temple: D:4-7

Altars:
Dithmenos
Makhleb
Nemelex Xobeh
Qazlal

Shops:
D:1 *   D:3 *

Annotations:
D:4 3 runed translucent doors, Ratslayer's ghost, amateur MiGl


Innate Abilities, Weirdness & Mutations

You are partially covered in large bone plates. (SH +4)
You are agile. (Dex +4, Str/Int -1)
You sometimes lose your temper in combat.


Message History

A yak comes into view.
Casting: Scorch (safe; 1% risk of failure)
Confirm with . or Enter, or press ? or * to list all spells.
Flames lash the yak.
The yak is moderately wounded.
The yak's fire resistance burns away.
The yak misses you.
Casting: Scorch (safe; 1% risk of failure)
Confirm with . or Enter, or press ? or * to list all spells.
Flames lash the yak.
The yak is burned terribly!
The yak is moderately wounded.
You hear a bellow!
The yak gores you! The yak gores you but does no damage.
Casting: Scorch (safe; 1% risk of failure)
Confirm with . or Enter, or press ? or * to list all spells.
Flames lash the yak.
The yak is burned terribly!
The yak is heavily wounded.
A yak comes into view.
The yak barely misses you. The yak gores you but does no damage.
Casting: Scorch (safe; 1% risk of failure)
Confirm with . or Enter, or press ? or * to list all spells.
Okay, then.
Casting: Flame Wave (quite dangerous; 17% risk of failure)
Confirm with . or Enter, or press ? or * to list all spells.
Casting: Flame Wave (quite dangerous; 17% risk of failure)
Press: ? - help, Dir - look around, f - activate A wave of flame ripples out!
The flame wave engulfs the yak.
The yak is heavily wounded. (Press . to intensify the flame waves.)
The yak gores you!
* * * LOW HITPOINT WARNING * * *
A wave of flame ripples out!
The flame wave engulfs the yak!
The yak is burned terribly!
The yak is almost dead.
The flame wave engulfs the yak!
The yak is lightly wounded.
The yak gores you!
You die...

#...........########
#...........#
#...........# ######
##...........#
.....#
#............#
..(..#
#.########...#
.....# #..# #Y#
##(.#
.....########.###Y#
#..#
............#..#@##
#..#
.....########.###.#
#### ..##### #..#.##
.##...## #.#.##
##.....## #[###
#.......# #..
...._...# ##.
#.......# #
##.....##


You could see 2 yaks.

Vanquished Creatures
  Sigmund (D:4)
  A black bear (D:5)
  A gnoll bouda (D:5)
  2 hounds
  An iguana (D:5)
  An orc wizard (D:3)
  4 gnolls (D:5)
  3 adders
  A shadow imp (D:5)
  3 worms
  3 dart slugs
  4 orcs
  5 endoplasms
  2 giant cockroaches (D:1)
  5 goblins
  6 hobgoblins
  3 jackals (D:2)
  5 kobolds
  2 quokkas
  3 ball pythons (D:4)
  A bat (D:1)
  2 frilled lizards (D:1)
  4 rats
63 creatures vanquished.

Vanquished Creatures (others)
  156 foxfires
156 creatures vanquished.

Grand Total: 219 creatures vanquished

Notes
Turn   | Place    | Note
-------+----------+-------------------------------------------
     0 | D:1      | Ijustatesigmund the Deep Elf Fire Elementalist began the
                  | quest for the Orb.
     0 | D:1      | Reached XP level 1. HP: 10/10 MP: 6/6
   172 | D:1      | Found Pabeunuba's Assorted Antiques.
   271 | D:1      | Reached XP level 2. HP: 14/16 MP: 4/8
   310 | D:1      | Learned a level 2 spell: Scorch
   703 | D:2      | Found a stormy altar of Qazlal.
   771 | D:2      | Reached XP level 3. HP: 19/20 MP: 6/10
   831 | D:2      | Reached skill level 1 in Fighting
   945 | D:2      | Identified the +0 pair of gloves of Tuf Veoz {Rampage Fly
                  | rC- Int+3}
  1792 | D:3      | Gained mutation: You sometimes lose your temper in combat.
                  | [potion of mutation]
  1792 | D:3      | Gained mutation: You are partially covered in large bone
                  | plates. (SH +4) [potion of mutation]
  1792 | D:3      | Gained mutation: You are agile. (Dex +4, Str/Int -1)
                  | [potion of mutation]
  1795 | D:3      | Reached XP level 4. HP: 11/25 MP: 3/12
  2141 | D:3      | Found Tyiqe's General Store.
  2240 | D:4      | Found a burning altar of Makhleb.
  2410 | D:4      | Learned a level 4 spell: Flame Wave
  2438 | D:4      | Identified the +3 leather armour "Orha" {-Tele Rampage rC++
                  | rCorr}
  2484 | D:4      | Noticed Sigmund
  2496 | D:4      | Killed Sigmund
  2497 | D:4      | Reached XP level 5. HP: 17/30 MP: 1/14
  2746 | D:4      | Reached XP level 6. HP: 35/35 MP: 12/15
  2770 | D:4      | Found a runed translucent gate.
  2771 | D:4      | Found a runed translucent gate.
  2771 | D:4      | Found a runed translucent gate.
  2772 | D:4      | Noticed Ratslayer's ghost (amateur MiGl)
  2867 | D:5      | Entered Level 5 of the Dungeon
  2901 | D:5      | Found a sparkling altar of Nemelex Xobeh.
  3118 | D:5      | Reached skill level 5 in Spellcasting
  3368 | D:5      | Found a shadowy altar of Dithmenos.
  3693 | D:5      | Reached skill level 5 in Fire Magic
  3897 | D:5      | Reached XP level 7. HP: 34/40 MP: 10/17
  3972 | D:5      | Noticed a yak
  3977 | D:5      | Noticed a yak
  3980 | D:5      | Slain by a yak

Illustrated notes

Levels and vault maps discovered:
D:1:      dpeg_arrival_rhombi, layout_rooms, serial_shops, shop_statue
D:2:      layout_basic, basic_altar, minmay_pentomino_r2
D:3:      layout_rooms, serial_shops, nicolae_shop_advertising_works
          [nicolae_subvault_shop_adworks]
D:4:      layout_cave_pools, bloody_makhleb, gammafunk_ghost_nasty_kobolds,
          uniq_sigmund
D:5:      layout_basic, lemuel_round_altar, kennysheep_little_box,
          minmay_small_thing

Skill      XL: |  1  2  3  4  5  6 |
---------------+-------------------+-----
Fighting       | 1 2 |  2.5
Conjurations   | 2 3 |  3.8
Spellcasting   | 4 5 |  5.4
Fire Magic     | 4 5 |  5.0
Ranged Weapons | 2 3 |  3.1
Dodging        | |  2.4
Stealth        | |  2.4

Action                     |  1- 3 |  4- 6 |  7- 9 || total
---------------------------+-------+-------+-------++-------
   Fire: Orcbow            |       |    40 |     1 ||    41
   Cast: Foxfire           |    62 |    31 |       ||    93
         Scorch            |     3 |    22 |     4 ||    29
         Flame Wave        |       |     2 |     1 ||     3
    Use: Potion            |     5 |     1 |       ||     6
 Armour: Robe              |    16 |    13 |     5 ||    34
  Dodge: Dodged            |     6 |    12 |     2 ||    20
  Block: Other             |     1 |    12 |       ||    13

Table legend: (Time is in decaauts)
 A = Elapsed time spent in this place.
 B = Non-inter-level travel time spent in this place.
 C = Inter-level travel time spent in this place.
 D = Time resting spent in this place.
 E = Time spent auto-exploring this place.
 F = Levels seen in this place.
 G = Mean time per level.
                   A        B        C        D        E       F      G
               +--------+--------+--------+--------+--------+-----+--------+
         Total |   3993 |   3812 |    181 |    241 |   3026 |   5 |  798.6 |
       Dungeon |   3993 |   3812 |    181 |    241 |   3026 |   5 |  798.6 |
               +--------+--------+--------+--------+--------+-----+--------+

Top non-repeatable levels by time:
     D:5: 1124 daAuts
     D:2: 955 daAuts
     D:4: 666 daAuts
     D:1: 644 daAuts
     D:3: 602 daAuts
